 Dungeon Crawl Stone Soup version 0.30-a0-779-g7971cf19c3 (webtiles) character file.

Game seed: 16003185712861881681

114 jimonade the Sneak (level 5, -2/31 HPs)
             Began as a Kobold Brigand on Feb 17, 2023.
             Splashed by a jelly's acid (9 damage)
             ... in a sewer.
             The game lasted 00:04:18 (1778 turns).

jimonade the Sneak (Kobold Brigand)                 Turns: 1778, Time: 00:04:18

Health: -2/31      AC:  4    Str:  9    XL:     5   Next: 19%
Magic:  5/5        EV: 10    Int: 12    God:
Gold:   69         SH:  5    Dex: 18    Spells: 4/4 levels left

rFire   . . .      SeeInvis .    a - +2 dagger (flame)
rCold   . . .      Faith    .    (no shield)
rNeg    . . .      Spirit   .    m - +0 leather armour
rPois   .          Reflect  +    o - +0 helmet
rElec   .          Harm     .    c - +0 cloak
rCorr   .          Rampage  .    x - +2 pair of gloves
Will    .....                    (no boots)
Stlth   +++++                    w - amulet of reflection
HPRegen 0.25/turn                (no ring)
MPRegen 0.09/turn                (no ring)

@: corroded, constricted
A: small, no large weapons, nightstalker 3
a: no special abilities


You were in a sewer.
You visited 1 branch of the dungeon, and saw 3 of its levels.
You also visited: Sewer.

You collected 69 gold pieces.

Inventory:

Hand Weapons
 a - a +2 dagger of flaming (weapon)
 f - a +2 dagger
Missiles
 d - 9 poisoned darts (quivered)
 e - 3 curare-tipped darts
 p - 20 stones
Armour
 b - a +0 robe
 c - a +0 cloak (worn)
 g - an orb of energy
 m - a +0 leather armour (worn)
 o - a +0 helmet (worn)
 x - a +2 pair of gloves (worn)
Jewellery
 w - an amulet of reflection (around neck)
Scrolls
 h - a scroll of identify
 n - a scroll of enchant armour {unknown}
Potions
 i - 2 potions of might {unknown}
 j - a potion of lignification {unknown}
 k - a potion of curing {unknown}
 l - a potion of cancellation {unknown}
 r - 2 potions of haste
 u - a potion of brilliance {unknown}
 v - a potion of attraction {unknown}


   Skills:
 + Level 2.5 Fighting
 * Level 3.7 Short Blades
 + Level 2.3 Throwing
 + Level 0.6 Armour
 + Level 1.2 Dodging
 + Level 7.4 Stealth


You had 4 spell levels left.
You didn't know any spells.
Your spell library was empty.

Dungeon Overview and Level Annotations

Branches:
Dungeon (3/15)              Sewer (1/1)

Altars:
Okawaru


Innate Abilities, Weirdness & Mutations

You are small and have problems with some larger weapons.
You are completely attuned to the shadows.


Message History

The jelly quivers.
The ball python completely misses you. The ball python closely misses you.
The jelly hits you but does no damage.
The ball python bites you but does no damage.
You block the ball python's attack.
Your unstable footing causes you to fumble your attack.
The ball python misses you. The ball python barely misses you.
The jelly hits you but does no damage. The ball python misses you.
The ball python grabs you. The ball python constricts you.
You hit the jelly. You burn the jelly.
Your hands burn!
The jelly is heavily wounded.
You block the ball python's attack. The ball python barely misses you.
The ball python constricts you. The jelly closely misses you.
You hit the jelly. You burn the jelly.
Your hands burn!
The jelly is severely wounded.
The ball python bites you but does no damage.
The ball python bites you. The ball python constricts you.
Your unstable footing causes you to fumble your attack.
The jelly barely misses you.
The ball python bites you but does no damage.
The ball python misses you. The ball python constricts you.
Your unstable footing causes you to fumble your attack.
The jelly jiggles.
The jelly hits you.
You are splashed with acid!
The ball python bites you but does no damage. x2
The ball python constricts you.
You escape the ball python's grasp.
The ball python attacks as you move away!
The ball python closely misses you. The jelly misses you.
The ball python barely misses you. The ball python closely misses you.
You block the jelly's attack. You block the ball python's attack.
The ball python closely misses you.
You hit the jelly. You burn the jelly. The acid corrodes you!
Your hands burn!
* * * LOW HITPOINT WARNING * * *
The jelly is almost dead.
The ball python closely misses you. The ball python grabs you.
The ball python constricts you. The jelly hits you.
* * * LOW HITPOINT WARNING * * *
You are splashed with acid!
You die...

##### ##!@.##
###.SJS~#
##..~~.~~..#
###.~~~.#.~~..##
#~~.~#######..~#
## #~.~##
######..## #~~
#####~.##
##~...#~~.##.~.
#..~~~~#
##∩~.~~.~~~#..~#
#_.~...#
#...##.~...~.~#


You could see a jelly and 2 ball pythons.

Vanquished Creatures
  A jelly (Sewer)
  2 adders
  3 worms
  2 dart slugs
  3 ball pythons
  8 endoplasms
  A giant cockroach (Sewer)
  2 goblins
  3 hobgoblins
  2 jackals (D:1)
  6 quokkas
  A bat (D:2)
  4 frilled lizards
  5 kobolds
  8 rats
  A spectral kobold (D:2)
52 creatures vanquished.

Notes
Turn   | Place    | Note
-------+----------+-------------------------------------------
     0 | D:1      | jimonade the Kobold Brigand began the quest for the Orb.
     0 | D:1      | Reached XP level 1. HP: 12/12 MP: 1/1
    69 | D:1      | Reached XP level 2. HP: 11/17 MP: 2/2
   263 | D:1      | Reached skill level 6 in Stealth
   668 | D:2      | Reached XP level 3. HP: 19/22 MP: 3/3
  1082 | D:2      | Found an iron altar of Okawaru.
  1216 | D:2      | Found a faded altar of an unknown god.
  1557 | D:3      | Reached XP level 4. HP: 27/27 MP: 4/4
  1572 | D:3      | Found a glowing drain.
  1589 | Sewer    | Entered a sewer
  1704 | Sewer    | Reached skill level 7 in Stealth
  1732 | Sewer    | Reached XP level 5. HP: 31/31 MP: 5/5
  1747 | Sewer    | Found a viscous altar of Jiyva.
  1778 | Sewer    | Splashed by a jelly's acid

Illustrated notes

Levels and vault maps discovered:
D:1:      heliophobic_arrival_glass_houses, layout_rooms, serial_aquarium,
          aquarium_bridge_square [aquarium_subvault_bridge,
          aquarium_subvault_wall, aquarium_subvault_wall,
          aquarium_subvault_bridge], aquarium_bridge_straight
          [aquarium_subvault_bridge, aquarium_subvault_balcony,
          aquarium_subvault_bridge, aquarium_subvault_wall], aquarium_window_1,
          aquarium_window_3, aquarium_window_1, aquarium_view_2e,
          aquarium_view_2c
D:2:      layout_rooms, dreamdust_ecumenical_altar_drowned_temple, basic_altar,
          minmay_misc_feat_secret_circle, chequers_serial_rivers_micro_b,
          mrwooster_statue_mirror
D:3:      layout_loops_corners, elyvilon_altar_5, gup_sewer_entry_bubbles
Sewer:    sewer_hellmonk_slimy_pipes

Skill      XL: |  1  2  3  4 |
---------------+-------------+-----
Short Blades   | 3 |  3.7
Stealth        | 6 7 |  7.4
Fighting       | |  2.5
Throwing       | |  2.3
Armour         | |  0.6
Dodging        | |  1.2

Action                     |  1- 3 |  4- 6 || total
---------------------------+-------+-------++-------
  Melee: Dagger            |    63 |    40 ||   103
    Use: Scroll            |     6 |       ||     6
   Stab: Sleeping          |    10 |    17 ||    27
         Distracted        |     1 |       ||     1
 Armour: Robe              |     1 |       ||     1
         Leather armour    |     7 |     8 ||    15
  Dodge: Dodged            |    26 |    17 ||    43
  Block: Other             |       |     5 ||     5

Table legend: (Time is in decaauts)
 A = Elapsed time spent in this place.
 B = Non-inter-level travel time spent in this place.
 C = Inter-level travel time spent in this place.
 D = Time resting spent in this place.
 E = Time spent auto-exploring this place.
 F = Levels seen in this place.
 G = Mean time per level.
                   A        B        C        D        E       F      G
               +--------+--------+--------+--------+--------+-----+--------+
         Total |   1802 |   1742 |     60 |     54 |   1222 |   4 |  450.5 |
       Dungeon |   1600 |   1540 |     60 |     27 |   1162 |   3 |  533.3 |
         Sewer |    202 |    202 |      0 |     27 |     60 |   1 |  202.0 |
               +--------+--------+--------+--------+--------+-----+--------+

Top non-repeatable levels by time:
     D:2: 686 daAuts
     D:1: 654 daAuts
     D:3: 258 daAuts
   Sewer: 202 daAuts
